[Event "Early-Titled-Tuesday-Blitz-May-07-2024"]
[Site "Chess.com"]
[Date "2024.05.07"]
[Round "2"]
[White "a_kandil"]
[Black "glebus008"]
[Result "0-1"]
[WhiteElo "2569"]
[BlackElo "2315"]
[TimeControl "180+1"]
[EndTime "8:21:13 PDT"]
[Termination "glebus008 won by resignation"]

1. e4 Nc6 2. Nf3 d5 3. exd5 Qxd5 4. Nc3 Qh5 5. d4 Bg4 6. Be2 O-O-O 7. h3 Nf6 8. O-O e5 9. hxg4 Nxg4 10. d5 Nd4 11. Re1 Bc5 12. Be3 f5 13. Na4 Nxe2+ 14. Rxe2 Bxe3 15.
fxe3 e4 16. Nc3 exf3 17. gxf3 Ne5 18. f4 Ng4 19. e4 fxe4 20. Rg2 Nf6 21. Qxh5 Nxh5 22.
Rf1 g6 23. Rg5 Nf6 24. f5 Nxd5 25. fxg6 Nxc3 26. bxc3 hxg6 27. Rxg6 Rhg8 28. Rg2 Rxg2+ 29. Kxg2 Rd2+ 30. Kg3 Rxc2 31. Kf4 Rxc3 32. Kxe4 Rc2 33. a3 Rc3 34. a4 Rc4+ 35. Kd5 Rxa4 36. Rf8+ Kd7 37.
Rf7+ Kd8 38. Rf8+ Ke7 39. Rb8 Ra5+ 40. Kc4 b6 41. Kd4 Kd7 42. Rh8 Kc6 43. Kc4 Kb7 44. Kb4 Rc5 45. Rh7 a5+ 46. Kb3 Ka6 47. Rh6 Kb7 48. Rh3 c6 49. Rh7+ Ka6 50. Rh8 b5 51.
Rh3 Kb6 52. Rg3 Rf5 53. Rh3 Re5 54. Rg3 Rd5 55. Rh3 a4+ 56. Ka3 Ka5 57. Rh8 Rd3+ 58. Kb2 Kb4 59. Kc2 Rd4 60. Kb2 Rc4 61. Ra8 Rh4 62.
Rg8 Rh2+ 63. Kb1 c5 64. Rg4+ c4 65. Rg3 c3 66. Kc1 Kb3 67. Kd1 Rh1+ 68. Ke2 a3 0-1

[Event "Early-Titled-Tuesday-Blitz-May-07-2024"]
[Site "Chess.com"]
[Date "2024.05.07"]
[Round "2"]
[White "NM_Antelacus"]
[Black "LimeInTheCoconut"]
[Result "0-1"]
[WhiteElo "2291"]
[BlackElo "2599"]
[TimeControl "180+1"]
[EndTime "8:21:18 PDT"]
[Termination "LimeInTheCoconut won by resignation"]

1. e4 e5 2. Nf3 Nc6 3. Bc4 Nf6 4. d3 Bc5 5. c3 d6 6. O-O h6 7. Nbd2 a5 8. Re1 O-O 9. Nf1 Re8 10. Ng3 Ba7 11.
h3 Be6 12. Bxe6 Rxe6 13. Nf5 d5 14. Qc2 dxe4 15. dxe4 a4 16. Be3 Bxe3 17. Nxe3 g6 18.
Rad1 Rd6 19. Rxd6 Qxd6 20. Rd1 Qc5 21. Nd5 Nxd5 22. exd5 Ne7 23. Nxe5 Rd8 24. Qe4 Rxd5 25. Rxd5 Qxd5 26. Qxd5 Nxd5 27. Nc4 b5 28. Na3 c6 29.
Nc2 Kf8 30. Nd4 Ne7 31. Kf1 Ke8 32. Ke2 Kd7 33. Kd3 Kd6 34. Ke4 f5+ 35. Kd3 Kd5 36.
b3 axb3 37. axb3 Nc8 38. c4+ bxc4+ 39. bxc4+ Kd6 40. Nf3 Ne7 41. Kd4 c5+ 42. Kd3 g5 43. h4 g4 44. Nd2 Nc6 45. Nf1 Nb4+ 46. Kc3 Ke5 47. Ne3 h5 48. g3 f4 49. Nd1 fxg3 50.
fxg3 Ke4 51. Nb2 Kf3 52. Na4 Na6 53. Kd3 Kxg3 54. Ke4 Kxh4 55. Kd5 g3 56. Nc3 g2 57. Ne2 Kg4 58. Ke4 h4 59. Ke3 h3 60. Kf2 Nb4 61. Kg1 Nd3 62. Kh2 Nf4 63. Ng1 Kf5 64. Kg3 Ke4 65.
Kh2 Kd4 66. Kg3 Kxc4 67. Nf3 Ne2+ 68. Kf2 g1=Q+ 69. Nxg1 Nxg1 70. Kxg1 Kd3 71. Kh2 Kd2 72. Kxh3 c4 73. Kg4 c3 74. Kf4 c2 0-1

[Event "Early-Titled-Tuesday-Blitz-May-07-2024"]
[Site "Chess.com"]
[Date "2024.05.07"]
[Round "2"]
[White "Kostina_Nadezhda"]
[Black "Sadykov_Ramil"]
[Result "0-1"]
[WhiteElo "2328"]
[BlackElo "2615"]
[TimeControl "180+1"]
[EndTime "8:21:19 PDT"]
[Termination "Sadykov_Ramil won by resignation"]

1. e4 c5 2. Nf3 e6 3. d4 cxd4 4. Nxd4 Nf6 5. Nc3 Bb4 6. Nb5 d5 7. a3 Bxc3+ 8. bxc3 Nxe4 9. Bf4 Na6 10. f3 Nf6 11.
Nd6+ Kf8 12. Nb5 Bd7 13. Bd3 Bxb5 14. Bxb5 Qa5 15. Bxa6 Qxa6 16. Qd4 Rc8 17. Kf2 b6 18. Be5 Ne8 19. Qb4+ Kg8 20. Rhd1 Qc4 21. Qxc4 Rxc4 22. Rab1 f6 23. Bb8 Rxc3 24. Bxa7 Rxc2+ 25. Kg3 Nd6 26. Rxb6 Nf5+ 27. Kh3 Kf7 28. g4 Ne7 29. Rb7 Re8 30. a4 Kg6 31. a5 Ra2 32. Bb6 Nc6 33.
Rc1 Nxa5 34. Bxa5 Rxa5 35. Rcc7 Rg8 36. Kg3 Ra3 37. h4 h5 38. gxh5+ Kh6 39. Rf7 Re3 40.
Rbd7 Re5 41. Rfe7 Re3 42. Rd6 Re5 43. Rexe6 Rxe6 44. Rxe6 Rd8 45. Re7 d4 46. Re1 Kxh5 47. Ra1 Rd5 48. Ra7 d3 49. Ra1 d2 50. Rd1 Rd6 51. f4 Rd3+ 52. Kf2 Kxh4 53. Ke2 Rd4 54. Rh1+ Kg3 55. Kd1 Kxf4 56. Rf1+ Ke5 57. Rg1 g5 58. Rh1 g4 59. Rh8 f5 60. Re8+ Kf4 61. Rg8 g3 62.
Rg7 Kf3 63. Rf7 f4 64. Rc7 g2 65. Rg7 Kf2 0-1

[Event "Early-Titled-Tuesday-Blitz-May-07-2024"]
[Site "Chess.com"]
[Date "2024.05.07"]
[Round "2"]
[White "BogdanDeac"]
[Black "Aslanov_Umid"]
[Result "1-0"]
[WhiteElo "3092"]
[BlackElo "2650"]
[TimeControl "180+1"]
[EndTime "8:21:20 PDT"]
[Termination "BogdanDeac won by checkmate"]

1. d4 d5 2. Bf4 Nf6 3. e3 c5 4. c3 Nc6 5. Nd2 Bf5 6. Ngf3 e6 7. Qb3 Qc8 8. Nh4 Be4 9. Nxe4 Nxe4 10. Nf3 Be7 11. h3 O-O 12. Qc2 c4 13. Nd2 Nxd2 14.
Qxd2 b5 15. Qc2 b4 16. Be2 Qd7 17. O-O Bd6 18. Bxd6 Qxd6 19. e4 Rab8 20. exd5 exd5 21. Qa4 a5 22. Bf3 bxc3 23. bxc3 Rb2 24. Rfe1 h6 25. Re3 Rfb8 26. Rae1 Kh7 27. g3 g6 28. R3e2 Kg7 29. Kg2 h5 30. h4 Rb1 31. Qc2 R8b2 32. Qxb1 Rxb1 33. Rxb1 Qa3 34. Bxd5 Ne7 35. Bf3 Nf5 36. Rc2 Qa4 37. Rbb2 Nd6 38. Re2 Qd7 39. d5 Nb5 40.
Rbc2 Nc7 41. Red2 Qd6 42. Rd4 Kf6 43. Rxc4 Nxd5 44. Rd4 Qa3 45. Rxd5 Kg7 46. Rdd2 Qa4 47. c4 Qe8 48. c5 Qe1 49. c6 g5 50. Rd4 g4 51.
Bd5 Qe5 52. Rd3 Qc7 53. Rcc3 Kf6 54. Rc4 Kg6 55. Rf4 f5 56. Rc4 Kf6 57. Rf4 Qd6 58.
Rd2 Qc5 59. Be4 Qc3 60. Rxf5+ Ke6 61. Rdd5 Qc4 62. Rde5+ Kd6 63. Rd5+ Ke6 64. Rfe5+ Kf6 65. Re8 Kg7 66. Rg5+ Kh6 67. Ree5 a4 68. Rg6+ Kh7 69. Rxh5# 1-0

[Event "Early-Titled-Tuesday-Blitz-May-07-2024"]
[Site "Chess.com"]
[Date "2024.05.07"]
[Round "2"]
[White "lefonghua"]
[Black "Rakhmanov_Aleksandr"]
[Result "0-1"]
[WhiteElo "2581"]
[BlackElo "2857"]
[TimeControl "180+1"]
[EndTime "8:21:20 PDT"]
[Termination "Rakhmanov_Aleksandr won by checkmate"]

1. d4 Nf6 2. c4 d6 3. Nc3 e5 4. Nf3 e4 5. Nd2 Bf5 6. e3 c6 7.
Be2 d5 8. Qb3 Qd7 9. cxd5 cxd5 10. Na4 Nc6 11. O-O Bd6 12. Rd1 O-O 13. Nf1 Bg4 14.
Bxg4 Qxg4 15. Bd2 Rab8 16. Rac1 Qf5 17. h3 g5 18. Be1 h5 19. Nc5 Bxc5 20. Rxc5 h4 21. Nh2 Rfd8 22. Rdc1 Kg7 23. Qd1 Qe6 24.
R5c2 Rd7 25. b4 Ne7 26. b5 Neg8 27. Ng4 Nxg4 28. Qxg4 Qxg4 29. hxg4 Nf6 30. f3 Re8 31. Kf2 Rde7 32. Bd2 Kg6 33. Rc7 exf3 34. gxf3 Kg7 35.
Rxe7 Rxe7 36. Bb4 Rd7 37. Rc8 Ng8 38. a4 b6 39. a5 bxa5 40. Bxa5 Rb7 41. Rc5 Rd7 42. b6 axb6 43. Bxb6 Ne7 44. Bc7 f5 45. Be5+ Kf7 46. gxf5 Nxf5 47. Rc7 Rxc7 48. Bxc7 Kg6 49. e4 dxe4 50. fxe4 Nxd4 51. Ke3 Ne6 52. Bd6 g4 53. Be5 Kg5 54. Kf2 h3 55. Kg3 Kh5 56. Bf6 Nc5 57. Kh2 Nxe4 58. Be5 Nc5 59. Bd6 Ne6 60. Bb8 Ng5 61.
Bc7 Ne4 62. Bb8 Kg6 63. Bc7 Kf5 64. Bb8 Ke6 65. Bc7 Kd5 66. Bb8 Kc4 67. Ba7 Kd3 68. Bb6 Ke2 69. Kh1 g3 70. Kg1 Kf3 71. Ba7 Kg4 72.
Kh1 Nd2 73. Bb6 Nf3 74. Bg1 g2# 0-1

[Event "Early-Titled-Tuesday-Blitz-May-07-2024"]
[Site "Chess.com"]
[Date "2024.05.07"]
[Round "2"]
[White "komogro"]
[Black "Nemegejas"]
[Result "0-1"]
[WhiteElo "2550"]
[BlackElo "2789"]
[TimeControl "180+1"]
[EndTime "8:21:21 PDT"]
[Termination "Nemegejas won on time"]

1. Nf3 d5 2. g3 Nf6 3. Bg2 g6 4. c4 c6 5. d4 Bg7 6. O-O O-O 7. Ne5 Nfd7 8. Nxd7 Qxd7 9. c5 b6 10.
Nc3 bxc5 11. dxc5 Na6 12. Na4 Rb8 13. a3 Rb5 14. Be3 d4 15. Bd2 Nxc5 16. Nxc5 Rxc5 17. b4 Rh5 18. Rc1 Bb7 19. h4 c5 20. Bxb7 Qxb7 21. bxc5 Rc8 22. Bb4 Bf6 23. Qa4 Qe4 24. Qc2 Qg4 25.
Kg2 Rxh4 26. Rh1 Rxh1 27. Rxh1 Rc6 28. Qd3 h5 29. Qf3 Qc8 30. Rd1 Rc7 31. e3 a5 32.
Bxa5 Rxc5 33. Bb6 Rf5 34. Qe4 Re5 35. Qf3 Rf5 36. Qe4 h4 37. g4 Rg5 38. f3 Qc4 39. Qd3 Qe6 40. Bxd4 Rd5 41. Qe4 Qd7 42. Rc1 Bxd4 43.
exd4 Rxd4 44. Rc8+ Kg7 45. Qa8 Rd2+ 46. Kh3 Qd5 47.
Rg8+ Kf6 48. Qxd5 Rxd5 49. Kxh4 Rd3 50. Kg3 e5 51. Rb8 e4 52. Rb6+ Kg5 53. Rb5+ f5 54.
gxf5 gxf5 55. a4 Rxf3+ 56. Kg2 Ra3 57. a5 Kf4 58. Kf1 e3 59. Ke2 Ra2+ 60. Kd3 e2 61.
Rb4+ Kf3 62. Rb1 f4 0-1

[Event "Early-Titled-Tuesday-Blitz-May-07-2024"]
[Site "Chess.com"]
[Date "2024.05.07"]
[Round "2"]
[White "Kushch_Nikolai"]
[Black "FontVella8"]
[Result "0-1"]
[WhiteElo "2407"]
[BlackElo "2687"]
[TimeControl "180+1"]
[EndTime "8:21:22 PDT"]
[Termination "FontVella8 won on time"]

1. Nf3 g6 2. e4 Bg7 3. d4 c6 4. Nc3 d5 5. h3 dxe4 6. Nxe4 Nf6 7. Nxf6+ exf6 8. Bd3 O-O 9. O-O Qd6 10. c3 a5 11. Be3 Na6 12. Qd2 Be6 13. Bf4 Qd7 14. Rfe1 Nc7 15. Bh6 Rfe8 16. Bxg7 Kxg7 17. b3 a4 18. b4 b5 19. Be4 Nd5 20. a3 Nb6 21. Bd3 Bd5 22. Nh2 h5 23. Nf1 Rxe1 24. Rxe1 Re8 25.
Ne3 Bb3 26. Bc2 Bxc2 27. Nxc2 Nc4 28. Qc1 Rxe1+ 29. Qxe1 Qf5 30. Qe2 Nb6 31. Qd2 Qe4 32.
Kh2 Nc4 33. Qd1 Nb6 34. Ne3 Qe6 35. Qc2 Qb3 36. Qc1 Qa2 37. Kg1 Nc8 38. c4 Nd6 39. cxb5 Nxb5 40. Nc2 Nc3 41. Kh2 Ne4 42. f3 Nc3 43. h4 Nb5 44. Kg3 Qc4 45. Qd2 Nc3 46. Kf2 Nb1 47. Qc1 Nxa3 48. Qxa3 Qxc2+ 49. Ke3 g5 50. hxg5 fxg5 51. d5 cxd5 52. b5 Kg6 53. b6 Qb1 54.
Qd6+ f6 55. Qc7 a3 56. b7 a2 57. b8=Q Qxb8 58. Qxb8 a1=Q 59. Qg8+ Kh6 60. Qh8+ Kg6 61.
Qg8+ Kf5 62. Qxd5+ Qe5+ 63. Qxe5+ Kxe5 64. g3 Kd5 65. Kd3 f5 66. Ke3 Kc4 67. Ke2 f4 68. gxf4 gxf4 69.
Kf2 Kd3 70. Kg2 Ke3 0-1

[Event "Early-Titled-Tuesday-Blitz-May-07-2024"]
[Site "Chess.com"]
[Date "2024.05.07"]
[Round "2"]
[White "Fh2411"]
[Black "ploxoi"]
[Result "1-0"]
[WhiteElo "2531"]
[BlackElo "2326"]
[TimeControl "180+1"]
[EndTime "8:21:24 PDT"]
[Termination "Fh2411 won by resignation"]

1. d4 e6 2. Nf3 d5 3. c4 c6 4.
Qc2 Nf6 5. Bg5 h6 6. Bxf6 Qxf6 7. Nc3 Nd7 8. e4 dxe4 9. Nxe4 Bb4+ 10. Nc3 O-O 11. a3 Be7 12. Qe4 Rd8 13. Bd3 g6 14.
O-O Kg7 15. Rad1 a5 16. Qe3 b6 17. Rfe1 Bf8 18. Ne5 Bb7 19. Ne4 Qe7 20. Nxd7 Rxd7 21. c5 Qd8 22. Bc2 Be7 23. g3 Qc7 24. h4 Rad8 25. b4 axb4 26. axb4 bxc5 27. bxc5 Ba6 28. h5 Bc4 29. hxg6 fxg6 30. Nc3 Bf6 31. Qe4 Kh8 32. Qxg6 Bg5 33. Ne4 Rg7 34. Qh5 Qe7 35. Nxg5 Qxg5 36. Re5 Qxh5 37. Rxh5 Rg5 38. Rxh6+ Kg7 39. Rh7+ Kg8 40.
Rh4 Ra8 41. Be4 Bd5 42. Re1 Ra4 43. Bxd5 exd5 44. Re6 Ra6 45. Kg2 Kg7 46. Rd6 Rg6 47. Rd7+ Kg8 48. Rhh7 Ra4 49. Rhe7 Rf6 50. Rg7+ Kf8 51.
Rg4 Ke8 52. Rc7 Kd8 53. Rcg7 Kc8 54. R7g6 Rxg6 55. Rxg6 Kb7 56. Rg4 Ka6 57. Rf4 Kb5 58.
g4 Ra7 59. g5 Kc4 60. Rg4 Kd3 61. Kf3 Rg7 62. Kg3 Ke2 63. g6 Kd3 64. Kh4 Rg8 65.
g7 Ke2 66. f4 Kf3 67. f5 1-0

[Event "Early-Titled-Tuesday-Blitz-May-07-2024"]
[Site "Chess.com"]
[Date "2024.05.07"]
[Round "2"]
[White "DanielNaroditsky"]
[Black "LeninGuerra"]
[Result "1-0"]
[WhiteElo "3073"]
[BlackElo "2647"]
[TimeControl "180+1"]
[EndTime "8:21:27 PDT"]
[Termination "DanielNaroditsky won by resignation"]

1. e4 c5 2. c3 e6 3. Nf3 Nc6 4. d4 cxd4 5. cxd4 d5 6. e5 Nge7 7. Na3 a6 8. Nc2 Nf5 9. Bd3 Nb4 10.
Nxb4 Bxb4+ 11. Bd2 Be7 12. O-O O-O 13. Qb3 b5 14. a4 b4 15. a5 Rb8 16. Rfc1 Bd7 17.
Bxa6 Ra8 18. Bd3 Rxa5 19. h3 Rxa1 20. Rxa1 Qb6 21. Bxf5 exf5 22. Qxd5 Bc6 23. Qa5 Qb7 24. Ne1 Rd8 25. Be3 g5 26. f3 f4 27. Bf2 h5 28.
Qa7 Kf8 29. Qxb7 Bxb7 30. Nd3 Rc8 31. Rc1 Rxc1+ 32. Nxc1 Bd5 33. Nd3 Bc4 34. Nc1 Ke8 35. b3 Bd5 36. Be1 Kd7 37. Nd3 Bxb3 38. Bxb4 Bxb4 39.
Nxb4 Ke6 40. Kf2 f6 41. exf6 Kxf6 42. Nd3 Bc4 43. Nc5 Kf5 44. Ne4 Bd3 45. d5 Ke5 46. d6 Bb5 47. Nxg5 Kxd6 48. Ne4+ Ke5 49. Nc3 Bd3 50. h4 Bc4 51. Ne2 Bd3 52. Ng1 Bc4 53. g3 fxg3+ 54. Kxg3 Kf5 55. Nh3 Bf7 56. Ng5 Be8 57.
Ne4 Bg6 58. Nd6+ Ke5 59. Nc4+ Kf5 60. Ne3+ Ke5 61. Ng2 Kf5 62. Nf4 Be8 63. Nd5 Bf7 64. Ne3+ Ke5 65. f4+ Ke4 66. Nf1 Be6 67. Nd2+ Ke3 68.
Nf3 Bg4 69. Ne5 Bf5 70. Nf7 Bg4 71. Nh6 Be6 72. f5 Bd5 73. f6 Ke4 74. f7 Bxf7 75. Nxf7 Kf5 76. Ng5 Kf6 77. Kf4 Kg6 78. Ke5 Kh6 79. Nf3 Kg6 80. Ke6 Kh6 81. Kf6 Kh7 82. Kg5 Kg7 83. Kxh5 Kh7 84. Kg5 Kg7 85. h5 Kh7 86. h6 Kg8 87. Kg6 Kh8 88. Ng5 Kg8 89. Nf7 Kf8 90. h7 1-0

[Event "Early-Titled-Tuesday-Blitz-May-07-2024"]
[Site "Chess.com"]
[Date "2024.05.07"]
[Round "2"]
[White "Supergiuly"]
[Black "noblerone"]
[Result "1-0"]
[WhiteElo "2357"]
[BlackElo "2519"]
[TimeControl "180+1"]
[EndTime "8:21:30 PDT"]
[Termination "Supergiuly won by checkmate"]

1. f4 c5 2. Nf3 Nc6 3. g3 g6 4. Bg2 Bg7 5. O-O Nf6 6. d3 d5 7.
Qe1 d4 8. e4 dxe3 9. Bxe3 Qd6 10.
Nc3 Nd4 11. Nxd4 cxd4 12. Nb5 Qd7 13. Nxd4 O-O 14. Nf3 Qb5 15. Bd4 Ng4 16. Bxg7 Kxg7 17. h3 Qb6+ 18. d4 Nf6 19. Qc3 Bf5 20. Nh4 Be4 21.
Bxe4 Nxe4 22. Qe3 f5 23. b3 Rfd8 24. Rad1 Rac8 25. c4 Qa5 26. g4 e6 27. gxf5 exf5 28. a4 a6 29. d5 Qc5 30. Qxc5 Rxc5 31. Nf3 b5 32. axb5 axb5 33. Ne5 bxc4 34. bxc4 Nd6 35. Rd4 Ra8 36. Rb1 Ra2 37. Rb6 Ra1+ 38. Kg2 Ra2+ 39. Kf3 Ra3+ 40. Ke2 Ne4 41. Rb7+ Kg8 42. Nd7 Ra2+ 43.
Kd3 Rca5 44. Rxe4 fxe4+ 45. Kxe4 Re2+ 46. Kd4 Ra1 47. Nf6+ Kf8 48. Nxh7+ Kg8 49. Nf6+ Kf8 50. Nh7+ Kg8 51. Ng5 Kf8 52. Ne6+ Kg8 53. Rb8+ Kf7 54. Rf8+ Ke7 55. Rh8 Rd1+ 56. Kc5 Kf6 57. Nd4 Red2 58. Nc6 Kg7 59. Rd8 Rc1 60. d6 Rdc2 61. Ne5 Rd2 62.
d7 Kf6 63. Rf8+ Ke7 64. Rf7+ Ke6 65. Rf8 Rxc4+ 66. Kxc4 Rc2+ 67. Kd3 g5 68. d8=Q Rd2+ 69. Kxd2 gxf4 70. Qf6+ Kd5 71. Qxf4 Ke6 72. Qf6+ Kd5 73. Rd8+ Ke4 74. Qh4+ Kxe5 75. Qg5+ Ke6 76. Rf8 Kd6 77.
Rf6+ Kd7 78. Qg7+ Ke8 79. Rf8# 1-0

[Event "Early-Titled-Tuesday-Blitz-May-07-2024"]
[Site "Chess.com"]
[Date "2024.05.07"]
[Round "2"]
[White "NFChess13"]
[Black "Rud_Makarian"]
[Result "0-1"]
[WhiteElo "2646"]
[BlackElo "3055"]
[TimeControl "180+1"]
[EndTime "8:21:33 PDT"]
[Termination "Rud_Makarian won by checkmate"]

1. e4 c5 2. c3 d5 3. exd5 Qxd5 4. d4 Nf6 5. Nf3 Nc6 6. Na3 e6 7. Be2 cxd4 8. Nb5 Qd7 9. Nbxd4 Nxd4 10. Nxd4 Qc7 11.
O-O a6 12. Bf3 Bd6 13. g3 O-O 14. Bg5 Nd7 15. Qe2 h6 16. Bd2 Nf6 17. Rfd1 e5 18.
Nb3 Bf5 19. Bg2 Rfe8 20. Be3 Rad8 21. h3 Be6 22. Rd2 Bc4 23. Qe1 b5 24. Rad1 Bf8 25.
Rxd8 Rxd8 26. Rxd8 Qxd8 27. Qd2 Qc7 28. Nc1 Be6 29.
b3 Bf5 30. Ne2 Ne4 31. Qc1 Nc5 32. Qd2 Ne4 33. Qc1 Nd6 34. Qd2 Be4 35. Bxe4 Nxe4 36.
Qd3 Nf6 37. Kh2 Qc6 38. c4 Bb4 39. Nc3 Bxc3 40. Qxc3 Nd7 41. c5 f6 42. b4 Nf8 43.
Qd3 Kf7 44. Qd8 Ne6 45. Qb6 Qd5 46. Qxa6 f5 47. Qxb5 f4 48. Bc1 Nd4 49. Qf1 Nf3+ 50. Kh1 Nd2+ 51. Qg2 f3 52. Qg1 Ne4 53. Be3 Qc4 54. a3 h5 55. Kh2 g5 56. Qd1 g4 57. h4 Ke6 58. Qb1 Nf6 59. b5 Nd5 60. b6 Nxe3 61. b7 Qe2 62. Qg1 Qb2 63.
c6 Nd5 64. a4 e4 65. a5 e3 66.
a6 exf2 67. Qf1 Ne3 68. c7 Nxf1+ 69. Kh1 Nxg3+ 70. Kh2 f1=Q+ 71. Kxg3 Qg1+ 72. Kf4 Qe5# 0-1

[Event "Early-Titled-Tuesday-Blitz-May-07-2024"]
[Site "Chess.com"]
[Date "2024.05.07"]
[Round "2"]
[White "LyonBeast"]
[Black "Hasangatin_Ramil"]
[Result "1-0"]
[WhiteElo "3130"]
[BlackElo "2661"]
[TimeControl "180+1"]
[EndTime "8:21:35 PDT"]
[Termination "LyonBeast won on time"]

1. e4 d5 2. exd5 Qxd5 3. Nc3 Qd6 4. d4 Nf6 5. Nf3 c6 6. g3 Bg4 7. Bg2 e6 8. O-O Be7 9. h3 Bxf3 10. Bxf3 O-O 11.
Ne2 Nbd7 12. c3 Qc7 13. Qc2 Rfe8 14. Rd1 Rad8 15. Be3 Bd6 16. c4 e5 17. dxe5 Bxe5 18. Bg2 Nf8 19. Nf4 Ng6 20. Nxg6 hxg6 21. Qb3 b6 22. Rxd8 Rxd8 23. Re1 c5 24. Qc2 Bd4 25. Bf4 Qd7 26. b3 Re8 27. Rxe8+ Qxe8 28. Kf1 Qe6 29.
g4 Be5 30. Bg5 Qd6 31. Qd2 Qxd2 32. Bxd2 Nh7 33. g5 Kf8 34. Ke2 Ke7 35. Bd5 Nf8 36. h4 Ne6 37. Kf3 Kd6 38. Ke4 Bd4 39. Be1 Ke7 40. f4 Nc7 41. Bg3 Nxd5 42. cxd5 Kd7 43. f5 gxf5+ 44. Kxf5 g6+ 45. Ke4 Bb2 46. Bb8 a6 47. a4 b5 48. axb5 axb5 49. Bf4 c4 50. bxc4 bxc4 51. Be3 Kd6 52. Bf4+ Kc5 53. Be3+ Kd6 54.
Ba7 Bg7 55. Bb8+ Kd7 56. Bf4 Bb2 57. Bg3 Bg7 58. Ke3 Bc3 59. Ke4 Bg7 60. Be1 Bb2 61. Bf2 Bg7 62. Bc5 Bb2 63. Ke3 Ba1 64. Bd4 c3 65.
Kd3 c2 66. Be3 Kd6 67. Kxc2 Kxd5 68. Kd3 Ke5 69. Ke2 Kf5 70. Kf3 Be5 71. Bf2 Bc3 72. Bg3 1-0

[Event "Early-Titled-Tuesday-Blitz-May-07-2024"]
[Site "Chess.com"]
[Date "2024.05.07"]
[Round "2"]
[White "Noki102"]
[Black "CSB7"]
[Result "1-0"]
[WhiteElo "2566"]
[BlackElo "2776"]
[TimeControl "180+1"]
[EndTime "8:21:38 PDT"]
[Termination "Noki102 won by checkmate"]

1. d4 Nf6 2. Nc3 d5 3. Bf4 e6 4. Nb5 Na6 5. e3 Be7 6. Nf3 O-O 7. Bd3 c6 8. Nc3 c5 9. Bxa6 bxa6 10. O-O a5 11. a4 Ba6 12. Nb5 Qb6 13. Bc7 Qb7 14. Bxa5 Bxb5 15. axb5 Qxb5 16. b3 Rfc8 17. Qd3 c4 18.
Qe2 Ne4 19. Rfb1 Nd6 20. Ne5 cxb3 21. Qxb5 Nxb5 22. cxb3 f6 23. Nd3 Nc3 24. Rb2 Rab8 25. Kf1 Ne4 26. f3 Nd6 27. Ke2 Kf7 28. Bd2 Nb5 29. Ra6 Rb6 30. Rba2 Nc3+ 31. Bxc3 Rxc3 32. Rxa7 Rbxb3 33. Rd2 Kf8 34. Ra8+ Kf7 35. Ra7 Ke8 36. Ra8+ Kd7 37. Ra7+ Kd8 38. Ra8+ Kd7 39. Ra7+ Rc7 40. Rda2 Rbb7 41. Rxb7 Rxb7 42. f4 Ke8 43. Kf3 Kf7 44. Nf2 Rd7 45. Ra8 Rd8 46. Ra7 Ke8 47. Nd3 Rd7 48. Ra8+ Rd8 49. Ra6 Rd6 50. Ra7 Rd7 51. Ra5 Kf7 52. g4 g6 53. h4 Rb7 54. h5 gxh5 55.
gxh5 Rb8 56. f5 exf5 57. Rxd5 Ke6 58. Nf4+ Kf7 59. Rxf5 Rb1 60. Ra5 Rh1 61. Ra7 Ke8 62. d5 Rf1+ 63. Ke4 Rd1 64. Ne6 Bd6 65. Ng7+ Kf8 66.
Nf5 Be5 67. Rxh7 Rh1 68. h6 Kg8 69. Rg7+ Kf8 70. h7 Rh4+ 71. Kd3 Rh5 72. Rg8+ Kf7 73. h8=Q Rxf5 74. Qg7# 1-0

[Event "Early-Titled-Tuesday-Blitz-May-07-2024"]
[Site "Chess.com"]
[Date "2024.05.07"]
[Round "2"]
[White "aljado"]
[Black "Rosh1610"]
[Result "0-1"]
[WhiteElo "2174"]
[BlackElo "2474"]
[TimeControl "180+1"]
[EndTime "8:21:52 PDT"]
[Termination "Rosh1610 won on time"]

1. e4 c5 2. Nf3 d6 3. c3 Nf6 4.
Bc4 Nc6 5. Qe2 Bg4 6. h3 Bxf3 7.
Qxf3 a6 8. Qe2 g6 9. O-O Bg7 10.
Rd1 O-O 11. d4 cxd4 12. cxd4 d5 13. exd5 Nxd5 14. Be3 Rc8 15. Nc3 Nxe3 16. fxe3 e6 17. Rac1 b5 18. Bd3 Qb6 19. Ne4 Rfd8 20. Qf3 f5 21.
Nc5 Nxd4 22. exd4 Bxd4+ 23. Kh1 Rxc5 24. Rb1 Rcd5 25. Bc2 Bg7 26. Rxd5 Rxd5 27. Bb3 Rd8 28. Qe2 Re8 29. Rd1 Qc6 30. Qd3 Bxb2 31. Qd6 Qxd6 32.
Rxd6 Kf7 33. Rxa6 b4 34. Ra7+ Kg8 35. Ra6 Kf7 36. Ra7+ Re7 37. Ra8 h5 38. Rb8 Bc3 39. Rc8 Kf6 40. a4 e5 41. a5 e4 42. a6 e3 43. Bc4 e2 44. Bxe2 Rxe2 45. a7 Be5 46. Kg1 Ra2 47. a8=Q Rxa8 48. Rxa8 b3 49. Ra7 b2 50.
Rb7 Kg5 51. Kf2 Bd4+ 52. Kf3 h4 53. Rb4 Kf6 54. Rb5 Ke6 55. Rb3 g5 56. Rb5 Kd6 57. Rb3 Kc6 58. Ke2 Kd5 59. Kd3 Bf6 60.
Rb5+ Kc6 61. Rb3 Kc5 62. Kc2 Kc4 63. Rf3 f4 64. Rb3 Kd4 65. Rb6 Ke5 66. Rb5+ Ke4 67.
Rb6 Bd4 68. Rb4 Ke3 69. Rb3+ Kf2 70. Rd3 Be3 71. Kxb2 Kxg2 72. Kc3 Kxh3 73. Kc2 Kg3 74. Kd1 h3 75. Ke2 h2 76. Rd1 Bg1 77. Rd3+ Kg4 78.
Rh3 Kxh3 0-1

[Event "Early-Titled-Tuesday-Blitz-May-07-2024"]
[Site "Chess.com"]
[Date "2024.05.07"]
[Round "2"]
[White "Iskusnyh"]
[Black "klimkoj"]
[Result "1/2-1/2"]
[WhiteElo "2624"]
[BlackElo "2915"]
[TimeControl "180+1"]
[EndTime "8:21:55 PDT"]
[Termination "Game drawn - insufficient material"]

1. d4 Nf6 2. c4 g6 3. g3 c6 4. Bg2 d5 5. Nf3 Bg7 6. O-O O-O 7. Nbd2 Bf5 8. b3 Nbd7 9. Bb2 e6 10. Nh4 a5 11. Nxf5 exf5 12. Nf3 a4 13. Qc2 Qa5 14.
Rfd1 Ne4 15. e3 b5 16. c5 Ra7 17. Ne1 Rfa8 18. Nd3 b4 19. a3 bxa3 20. b4 Qb5 21.
Rxa3 Qc4 22. Qb1 Qb5 23. Bf1 Qb7 24. Qc2 Qa6 25. Rda1 h5 26. f3 Ng5 27. Kg2 Ne6 28. f4 Nc7 29. Ne5 Nb5 30. Rxa4 Qxa4 31. Rxa4 Rxa4 32.
Nxd7 Rxb4 33. Bxb5 Ra2 34. Bxc6 Rbxb2 35. Qxb2 Rxb2+ 36. Kf3 Rxh2 37. Bxd5 Bf8 38. Ne5 Rc2 39. Nxg6 Kg7 40.
Ne5 f6 41. Nc4 Be7 42. Nb6 Bd8 43. Nd7 Ba5 44. e4 Rc3+ 45. Kg2 fxe4 46. Bxe4 Rc4 47. Kf3 Rxd4 48. Bf5 Rc4 49. Be4 Rc3+ 50. Kf2 Kf7 51. c6 Ke7 52. Bf3 Kd6 53. Nf8 Ke7 54. Ng6+ Kf7 55.
Nh4 Bb6+ 56. Ke2 Re3+ 57. Kf2 Ke6 58. Kg2 Rc3 59. Bxh5 Rxc6 60. Bg4+ Kf7 61. Nf5 Rc2+ 62. Kh3 Bc5 63. Bh5+ Kf8 64. Kg4 Rc1 65. Bg6 Rh1 66. Bh5 Rg1 67. Bg6 Bb4 68. Bh5 Be1 69. Bg6 Kg8 70. Bh5 Kh7 71. Bf7 Rf1 72. Bh5 Rf2 73. Bf7 Rb2 74. Bh5 Rb7 75. Nh4 Rg7+ 76. Kf3 Bxg3 77. Nf5 Bxf4 78. Nxg7 Kxg7 79. Kxf4 f5 80.
Kg5 f4 81. Kxf4 1/2-1/2

[Event "Early-Titled-Tuesday-Blitz-May-07-2024"]
[Site "Chess.com"]
[Date "2024.05.07"]
[Round "2"]
[White "edgarhay012"]
[Black "Njal28"]
[Result "1/2-1/2"]
[WhiteElo "2669"]
[BlackElo "3117"]
[TimeControl "180+1"]
[EndTime "8:22:02 PDT"]
[Termination "Game drawn by repetition"]

1. e4 g6 2. d4 Bg7 3. Nc3 c5 4. dxc5 Bxc3+ 5. bxc3 Nf6 6. Bd3 Qa5 7. Ne2 Qxc5 8. Be3 Qc7 9. O-O d6 10. Rb1 O-O 11. Qd2 Nbd7 12. h3 b6 13. Rb4 Bb7 14. Ng3 Rac8 15. Rc4 Qb8 16. Rxc8 Rxc8 17. Bd4 Qc7 18.
f4 Ne8 19. h4 e5 20. fxe5 dxe5 21. Be3 Qxc3 22. Qxc3 Rxc3 23. Bd2 Rc8 24. h5 Nc5 25. h6 Nd6 26. Bg5 Ncxe4 27. Nxe4 Bxe4 28. Rf6 Bxd3 29. Rxd6 Bxc2 30. Bf6 e4 31. Kf2 Bb1 32. a3 Bd3 33.
Ke3 Re8 34. g4 b5 35. Rd7 Ra8 36. Bc3 a5 37. Bxa5 Bc4 38. Bb4 Be6 39. Rb7 Bxg4 40. Kxe4 Be2 41. Ke5 Re8+ 42. Kf6 Bc4 43. Be7 Rc8 44. Ra7 Bd5 45. Ke5 Bg2 46. Kd4 Ra8 47. Rc7 Ra4+ 48. Ke5 Re4+ 49. Kf6 Re6+ 50. Kg5 Rc6 51. Rxc6 Bxc6 52. Kf6 Bd7 53. Bb4 Bc6 54. Bc5 Bd5 55. Bb4 Bb3 56. Bc5 Kh8 57. Bf8 Bc4 58.
Bb4 Kg8 59. Bc5 Bd3 60. Bb4 Bc2 61. Bc5 g5 62. Kxg5 f5 63. Kf6 f4 64. Bf2 f3 65.
Ke5 Kf7 66. Kf4 Bd1 67. Kg3 Kg6 68. Be3 Kf5 69. Kf2 Ke4 70. Bc5 Kf4 71. Bb4 Kg4 72.
Bf8 Kg5 73. Bg7 Be2 74. Bf8 Kg6 75. Bg7 Kf7 76. Ke3 Ke6 77. Kf2 Kd5 78. Bf8 Kc6 79. Bb4 Kd5 80. Ke3 Kc4 81. Kf2 Kd3 82. Bf8 Bd1 83.
Bb4 Kc2 84. Bf8 Kb3 85. Bb4 Be2 86. Bf8 Kc4 87. Bb4 Kd5 88. Bf8 Ke6 89. Bb4 Bd1 90. Ke3 Kf5 91. Kf2 Kg4 92. Bf8 Kh4 93. Bg7 Kh5 94.
Bf8 Kg6 95. Bg7 Be2 96. Ke3 Kf7 97. Kf2 Ke6 98. Ke3 Kf5 99. Kf2 Kg4 100. Bf8 Kh3 101. Bg7 Kh4 102. Bf8 Kg5 103. Bg7 Kf5 104. Bf8 Bd1 105. Bg7 Ke6 106. Bf8 Be2 107. Bg7 Kf7 108. Ke3 Ke7 109.
Kf2 Kd7 110. Ke3 Kc6 111. Kf2 b4 112. axb4 Kb5 113. Bf8 Kc4 114. Bc5 Kb5 115. Bf8 Bd1 116. Bc5 Be2 117. Bf8 1/2-1/2